cohdb
Replays
Latest Replays
All Replays
Popular Replays
Top Player Replays
Match Explorer
How It Works
Community
CoH3 Stats
Reddit
Sign in to upload your games and track your stats! →
Sign in with Steam
Match 46678917
Unlisted
Match 46678917
Overview
Messages
Build Orders
End
Kradschützen Motorcycle Team
Panzerpioneer Squad
250 Light Carrier
Construct Light Support Kompanie
Combat Half-tracks
MG34 Team
250 Light Carrier
Construct Mechanized Kompanie
Selects Armored Support Battlegroup
Selects Veteran Gunners
Selects Salvage Kits
254 Reconnaissance Tractor
Panzerjäger Squad
auv
QWQ
MähnGiL
aSIIDemolitionHammer
0
0
Comments
sign in to comment!
No comments posted yet!